 Dungeon Crawl Stone Soup version 0.32-a0-630-g46d191b0ed (webtiles) character file.

Game seed: 11003363244733351574

122581 Khashishi the Warrior (level 16, -1/141 HPs)
             Began as a Coglin Hunter on Mar 6, 2024.
             Was the Champion of Qazlal.
             Killed from afar by a deep elf knight (26 damage)
             ... with a lance of force
             ... on level 2 of the Elven Halls on Mar 7, 2024.
             The game lasted 02:45:43 (15670 turns).

Khashishi the Warrior (Coglin Hunter)              Turns: 15670, Time: 02:45:43

Health: -1/141     AC: 19    Str: 11    XL:     16   Next: 60%
Magic:  15/19      EV: 23    Int: 11    God:    Qazlal [******]
Gold:   1787       SH:  8    Dex: 27    Spells: 15/15 levels left

rFire   . . .        a - +2 sling {Kyogo}
rCold   . . .        j - +9 sling {Shi}
rNeg    . . .        l - +1 troll leather armour
rPois   +            C - +1 hat {Will+}
rElec   +            h - +2 cloak {rCorr}
rCorr   +            t - +1 pair of gloves {Dex+3}
SInv    .            L - +0 pair of boots
Will    ++...        (amulet unavailable)
Stlth   +            (ring unavailable)
HPRegen 1.23/turn    (ring unavailable)
MPRegen 0.16/turn    I - adeledicnander ramjet {RevParry, rElec rPois rCorr}

%: repel missiles
@: protected from physical damage, revving
A: off-hand wielding, slow wielding, warmup strikes, no jewellery
a: Renounce Religion, Upheaval, Elemental Force, Disaster Area


You were on level 2 of the Elven Halls.
You worshipped Qazlal.
Qazlal was exalted by your worship.
You visited 5 branches of the dungeon, and saw 20 of its levels.
You also visited: Sewer, Bailey and Gauntlet.

You collected 2398 gold pieces.
You spent 611 gold pieces at shops.

Inventory:

Hand Weapons
 a - a +2 sling (weapon) {Kyogo}
 j - a +9 sling (offhand) {Shi}
Missiles
 w - 3 curare-tipped darts
 K - a throwing net
Armour
 g - a +1 robe of resistance
 h - a +2 cloak of preservation (worn)
 l - a +1 troll leather armour (worn)
 m - the +1 leather armour of the Pit {rF+}
   (You found it on level 6 of the Dungeon)

   rF+:       It protects you from fire.
 t - a +1 pair of gloves of dexterity (worn)
 C - a +1 hat of willpower (worn)
 L - a +0 pair of boots (worn)
Magical Staves
 u - the staff "Lekukoc" {rElec rF+ rC+ SInv Air}
   (You found it on level 5 of the Lair of Beasts)

   [staff of air]

   Base accuracy: +5 Base damage: 5 Base attack delay: 1.2 This weapon's minimum
   attack delay (0.6) is reached at skill level 12.
   rF+:       It protects you from fire.
   rC+:       It protects you from cold.
   rElec:     It insulates you from electricity.
   SInv:      It lets you see invisible.
   Air:       It increases the power of your Air spells.
   It falls into the 'Staves' category.
   It is a one-graspered weapon.
Gizmo
 I - an adeledicnander ramjet (installed) {RevParry, rElec rPois rCorr}
   (You invented it yourself on level 5 of the Lair of Beasts)

   [adeledicnander ramjet]

   RevParry:  Your AC increases as you Rev (up to +5) and while fully Revved,
   your attacks may disarm enemies.
   rElec:     It insulates you from electricity.
   rPois:     It protects you from poison.
   rCorr:     It protects you from acid and corrosion.
Wands
 f - a wand of acid (3)
 q - a wand of flame (9)
 E - a wand of roots (2)
 M - a wand of mindburst (12)
Scrolls
 c - 3 scrolls of blinking
 e - a scroll of enchant weapon
 i - 2 scrolls of vulnerability
 p - 3 scrolls of revelation
 A - a scroll of summoning
 B - 2 scrolls of fog
 F - 5 scrolls of immolation
 H - 2 scrolls of noise
Potions
 k - 2 potions of lignification
 o - 3 potions of mutation
 r - a potion of ambrosia
 s - 5 potions of curing
 v - 7 potions of magic
 x - a potion of resistance
 z - 2 potions of enlightenment
 G - a potion of cancellation
 J - a potion of haste
Miscellaneous
 d - a phial of floods


   Skills:
 + Level 17.0 Fighting
 + Level 16.4 Ranged Weapons
 - Level 4.0 Armour
 + Level 12.3 Dodging
 - Level 0.7 Stealth
 - Level 4.0 Invocations
 + Level 10.9 Evocations


You had 15 spell levels left.
You didn't know any spells.
Your spell library contained the following spells:

 Spells                   Type           Power      Damage    Failure   Level
 Apportation              Tloc           0%         N/A       41%         1
 Freeze                   Ice            0%         1d3       41%         1
 Sting                    Conj/Alch      0%         1d3       41%         1
 Summon Small Mammal      Summ           0%         N/A       41%         1
 Ensorcelled Hibernation  Hex/Ice        0%         N/A       56%         2
 Momentum Strike          Conj/Tloc      0%         3d8       56%         2
 Searing Ray              Conj           0%         2d4       56%         2
 Static Discharge         Conj/Air       0%         3-3/arc   56%         2
 Call Canine Familiar     Summ           0%         N/A       80%         3
 Frozen Ramparts          Ice            0%         1d1       80%         3
 Hailstorm                Conj/Ice       0%         3d5       80%         3
 Mephitic Cloud           Conj/Alch/Air  0%         N/A       80%         3
 Passwall                 Erth           0%         N/A       80%         3
 Swiftness                Air            0%         N/A       80%         3
 Brom's Barrelling Bould  Conj/Erth      0%         2d3       99%         4
 Dimensional Bullseye     Hex/Tloc       0%         N/A       99%         4
 Fulminant Prism          Conj/Alch      0%         3d5       99%         4
 Leda's Liquefaction      Alch/Erth      0%         N/A       99%         4
 Petrify                  Alch/Erth      0%         N/A       99%         4
 Summon Blazeheart Golem  Fire/Summ      0%         N/A       99%         4
 Vhi's Electric Charge    Tloc/Air       0%         N/A       99%         4
 Arcjolt                  Conj/Air       0%         1d10      100%        5
 Irradiate                Conj/Alch      0%         3d11      100%        5
 Lee's Rapid Deconstruct  Erth           0%         3d4*      100%        5
 Metabolic Englaciation   Hex/Ice        0%         N/A       100%        5
 Summon Forest            Summ/Tloc      0%         N/A       100%        5
 Yara's Violent Unravell  Hex/Alch       0%         3d3       100%        5
 Bombard                  Conj/Erth      0%         9d1       100%        6
 Eringya's Noxious Bog    Alch           0%         4d6       100%        6
 Enfeeble                 Hex            0%         N/A       100%        7
 Summon Hydra             Summ           0%         N/A       100%        7
 Discord                  Hex            0%         N/A       100%        8
 Disjunction              Tloc           0%         N/A       100%        8
 Maxwell's Capacitive Co  Air            0%         ∞         100%        8
 Fire Storm               Conj/Fire      0%         5d1       100%        9


Dungeon Overview and Level Annotations

Branches:
Dungeon (10/15)            Temple (1/1) D:7            Lair (5/5) D:10
  Swamp (0/4) Lair:3        Snake (0/4) Lair:2        Slime (0/5) Lair:4
    Orc (2/2) D:10            Elf (2/3) Orc:2         Sewer (visited)
 Bailey (visited)         Gauntlet (visited)

Altars:
Ashenzari
Cheibriados
Dithmenos
Elyvilon
Fedhas
Gozag
Hepliaklqana
Kikubaaqudgha
Makhleb
Nemelex Xobeh
Okawaru
Qazlal
Ru
Sif Muna
Trog
Uskayaw
Vehumet
Wu Jian
Xom
Yredelemnul
Zin
The Shining One
Beogh
Jiyva

Shops:
D:5 !   D:7 [?[   D:9 !   Orc:2 [[!   Elf:2 [

Annotations:
Orc:1 3 runed translucent doors, Yxorellae's ghost, adept MiFi
Elf:2 36 runed translucent doors


Innate Abilities, Weirdness & Mutations

You can wield a second weapon in your off-hand.
It takes a long time for you to wield or remove held weapons.
Your first few attacks do less damage.
You cannot equip rings or amulets.


Message History

The +3 scimitar of holy wrath falls from the air.
Qazlal accepts your kill.
Your life force feels restored.
Something barely misses you. Something hits you.
You see here a +3 scimitar of holy wrath.
You shoot a sling bullet. x2; Something hits you!
Something barely misses you.
You shoot a sling bullet. x2
You feel less protected from physical attacks.
Your water elemental disappears in a puff of smoke!
Something hits you but does no damage. You block something's attack.
You shoot a sling bullet. x2; Something hits you but does no damage. x3
You shoot a sling bullet. x2; Something hits you!
* * * LOW HITPOINT WARNING * * *
You feel protected from physical attacks.
Something hits you.
* * * LOW HITPOINT WARNING * * *
Okay, then.
Unknown command.
Aiming: Mindburst
Press: ? - help, Shift-Dir - straight line Nothing appears to happen.
Something hits you!
* * * LOW HITPOINT WARNING * * *
Something hits you.
* * * LOW HITPOINT WARNING * * *
Something completely misses you.
Okay, then.
Unknown command.
Fire: a) +2 sling {Kyogo}
Press: ? - help, Q - select action, (/) - cycle Shift-Dir - straight line You shoot a sling bullet. x2
Something hits you!
* * * LOW HITPOINT WARNING * * *
Something hits you but does no damage.
You feel better.
Your earth elemental disappears in a puff of smoke!
You hear some strange, mumbled words.
A lance of force appears from out of thin air!
The lance of force hits you!!
You feel more protected from physical attacks.
You die...

.)'b#...#.#...#(..).{.#..........
..##)..(.#.....#)(..(............
..#.#...#.#...#..)...............
..#..#.#...#.#...................
.##...#)....#................)...
# ####################...........
##..### #........... ...##§.§..#
#........... ......°@{☼#
##........). .....#.§...#
#######'### ... ##§...# #.# .
##...# ####.### #...# #......#
....# #.##.... ...)# #.####)#
.....# ###'####'# ##....##..<


There were no monsters in sight!

Vanquished Creatures
  Gastronok (D:10)
  A deep elf sorcerer (Elf:2)
  A deep elf demonologist (Elf:1)
  A deep elf annihilator (Elf:1)
  A catoblepas (Lair:5)
  4 ogre magi (Orc:2)
  2 hydras
  A centaur warrior (D:8)
  19 dancing weapons
  6 two-headed ogres
  A boulder beetle (Lair:4)
  6 orc high priests
  A skyshark (Lair:3)
  7 deep elf knights
  Nergalle (Lair:2)
  A spectral anaconda (Lair:5)
  A spectral death yak (Lair:5)
  5 deep elf archers
  5 thermic dynamos
  An obsidian statue (Lair:5)
  Pikel (D:9)
  27 deep elf zephyrmancers
  An oklob plant (Lair:5)
  4 necromancers (Lair:5)
  16 deep elf pyromancers
  An orc knight (Bailey)
  A cyclops (D:7)
  2 ugly things (D:7)
  12 orc sorcerers
  A salamander (Lair:2)
  6 black mambas
  16 elephants (Lair:5)
  15 cane toads
  9 komodo dragons
  2 rime drakes
  6 trolls
  2 hornets (D:9)
  A spectral elephant (Lair:5)
  9 blink frogs
  3 slime creatures
  57 yaks
  2 air elementals (Elf:2)
  2 wraiths
  A shadow (D:9)
  A fire elemental (Elf:2)
  2 water elementals
  4 wyverns
  2 basilisks
  A death yak simulacrum (Lair:5)
  3 steam dragons
  7 wargs
  A vampire mosquito (D:7)
  13 water moccasins
  An elephant zombie (Lair:5)
  24 orc warriors
  2 ice beasts
  3 sky beasts
  4 black bears
  7 ogres
  21 wolves
  4 phantoms (D:6)
  3 centaurs
  An elephant skeleton (Lair:5)
  15 kobold brigands
  17 bullfrogs
  A gnoll sergeant (D:10)
  An earth elemental (Elf:1)
  8 wights
  16 killer bees
  An elephant simulacrum (Lair:5)
  2 howler monkeys
  3 lava snakes (Lair:2)
  2 jellies (Lair:4)
  A quasit (D:6)
  A bombardier beetle (D:6)
  21 orc priests
  2 gnoll boudas
  3 hounds
  A sleepcap (D:6)
  6 hell rats (Lair:3)
  3 iguanas
  43 orc wizards
  Robin (D:2)
  12 gnolls
  9 adders
  10 river rats
  8 shadow imps
  5 white imps (D:6)
  8 ufetubi
  3 ribbon worms (Sewer)
  2 dart slugs
  112 orcs
  8 bats
  6 endoplasms
  2 giant cockroaches
  18 goblins
  11 hobgoblins
  7 jackals
  A quokka (D:1)
  13 ball pythons
  A frilled lizard (D:3)
  27 kobolds
  10 rats
  A spectral hobgoblin (D:6)
  A butterfly (D:7)
790 creatures vanquished.

Vanquished Creatures (collateral kills)
  Agnes (Elf:1)
  A dire elephant (Lair:5)
  A two-headed ogre (D:7)
  Urug (Orc:2)
  A blink frog (Lair:3)
  2 wargs (Orc:2)
  An orc warrior (Orc:2)
  A wolf (D:10)
  A centaur (D:10)
  2 wights (D:10)
  An orc priest (D:4)
  2 orc wizards (D:10)
  5 orcs
20 creatures vanquished.

Vanquished Creatures (others)
  A deep elf knight (Elf:2)
  A deep elf zephyrmancer (Elf:2)
  2 killer bees (D:10)
  An orc priest (Orc:2)
  An orc (D:10)
6 creatures vanquished.

Grand Total: 816 creatures vanquished

Notes
Turn   | Place    | Note
-------+----------+-------------------------------------------
     0 | D:1      | Khashishi the Coglin Hunter began the quest for the Orb.
     0 | D:1      | Reached XP level 1. HP: 16/16 MP: 1/1
    42 | D:1      | Reached XP level 2. HP: 23/23 MP: 2/2
   435 | D:1      | Reached XP level 3. HP: 25/28 MP: 3/3
   621 | D:1      | Reached skill level 3 in Fighting
   635 | D:1      | Got the Thoughts on the Crucible and the Vertex
   763 | D:2      | Found a faded altar of an unknown god.
   763 | D:2      | Noticed Robin
  1023 | D:2      | Reached XP level 4. HP: 35/35 MP: 4/4
  1084 | D:2      | Killed Robin
  1085 | D:2      | Reached XP level 5. HP: 42/42 MP: 5/5
  1111 | D:2      | Prayed at the altar of an unknown god.
  1111 | D:2      | Became a worshipper of Qazlal Stormbringer
  1111 | D:2      | Reached * piety under Qazlal
  1144 | D:3      | Found an ornate altar of the Wu Jian Council.
  1709 | D:4      | Reached skill level 4 in Fighting
  1737 | D:4      | Reached skill level 5 in Ranged Weapons
  1882 | D:4      | Noticed an ice beast
  1955 | D:4      | Noticed an ice beast
  1972 | D:4      | Killed an ice beast
  1973 | D:4      | Reached XP level 6. HP: 36/48 MP: 6/6
  2089 | D:4      | Found a sparkling altar of Nemelex Xobeh.
  2143 | D:4      | Reached ** piety under Qazlal
  2157 | D:4      | Found a glowing drain.
  2167 | Sewer    | Entered a sewer
  2310 | Sewer    | Reached XP level 7. HP: 50/54 MP: 7/7
  2695 | Sewer    | Reached XP level 8. HP: 60/60 MP: 8/8
  2909 | D:5      | Entered Level 5 of the Dungeon
  3050 | D:6      | Reached *** piety under Qazlal
  3056 | D:6      | Reached skill level 5 in Fighting
  3060 | D:6      | Found a sparkling altar of Nemelex Xobeh.
  3211 | D:6      | Reached XP level 9. HP: 67/69 MP: 9/9
  3250 | D:6      | Reached skill level 6 in Fighting
  3250 | D:6      | Reached skill level 1 in Armour
  3364 | D:6      | Reached **** piety under Qazlal
  3393 | D:6      | Reached skill level 7 in Fighting
  4097 | D:5      | Found Omatej's Distillery.
  4119 | D:5      | Bought a potion of heal wounds for 50 gold pieces
  4226 | D:6      | Reached skill level 10 in Ranged Weapons
  4233 | D:6      | Reached skill level 8 in Fighting
  4261 | D:6      | Identified the +1 leather armour of the Pit {rF+}
  4351 | D:6      | Found a hazy altar of Hepliaklqana.
  4378 | D:7      | Reached XP level 10. HP: 80/80 MP: 10/10
  4433 | D:7      | Found Muxaejyr's Antique Armour Shop.
  4546 | D:7      | Found Vif Xid's Magic Scroll Emporium.
  4555 | D:7      | Bought a scroll of blinking for 97 gold pieces
  4745 | D:7      | Found Zozacef's Armour Emporium.
  4754 | D:7      | Found a staircase to the Ecumenical Temple.
  4766 | Temple   | Entered the Ecumenical Temple
  4944 | D:7      | Found a runed translucent door.
  4947 | D:7      | Found a runed translucent door.
  4947 | D:7      | Noticed a cyclops
  4947 | D:7      | Noticed a red ugly thing
  5083 | D:7      | Reached skill level 9 in Fighting
  5175 | D:7      | Reached ***** piety under Qazlal
  5275 | D:7      | Noticed a two-headed ogre
  5276 | D:7      | Noticed a red ugly thing
  5302 | D:7      | Killed a two-headed ogre
  5438 | D:7      | Reached skill level 10 in Fighting
  5462 | D:7      | Killed a red ugly thing
  5494 | D:7      | Got the Directory of Combat Magic and the Voyage
  5586 | D:7      | Killed a red ugly thing
  5587 | D:7      | Reached XP level 11. HP: 59/92 MP: 11/11
  5597 | D:7      | Killed a cyclops
  5682 | D:8      | Found a transporter.
  5682 | D:8      | Found a transporter.
  5770 | D:8      | Found a flagged portal.
  5780 | Bailey   | Entered a bailey
  5866 | Bailey   | Noticed an orc knight
  5902 | Bailey   | Killed an orc knight
  5903 | Bailey   | Reached skill level 1 in Invocations
  6018 | Bailey   | Found a large runed translucent door.
  6018 | Bailey   | Found a large runed translucent door.
  6019 | Bailey   | Noticed a deep elf pyromancer
  6075 | Bailey   | Killed a deep elf pyromancer
  6076 | Bailey   | Reached skill level 11 in Fighting
  6086 | Bailey   | Got the Papyrus of Fey Momentum
  6097 | Bailey   | Got the Octavo of the Hapless Serac
  6186 | D:8      | Found a transporter.
  6186 | D:8      | Found a transporter.
  6204 | D:8      | Found a transporter.
  6204 | D:8      | Found a transporter.
  6351 | D:8      | Noticed a centaur warrior
  6401 | D:8      | Killed a centaur warrior
  6578 | D:8      | Noticed a two-headed ogre
  6590 | D:8      | Killed a two-headed ogre
  6893 | D:9      | Found an ancient bone altar of Kikubaaqudgha.
  6906 | D:9      | Noticed Pikel
  6911 | D:9      | Killed Pikel
  7068 | D:9      | Found Piotid's Distillery.
  7256 | D:9      | Reached XP level 12. HP: 102/102 MP: 14/14
  7360 | D:9      | Paralysed by a hornet for 3 turns
  7367 | D:9      | Reached skill level 12 in Fighting
  7431 | D:10     | Entered Level 10 of the Dungeon
  7513 | D:10     | Found a staircase to the Lair.
  7557 | D:10     | Noticed Gastronok
  7590 | D:10     | Killed Gastronok
  7729 | D:10     | Reached skill level 5 in Dodging
  7891 | Lair:1   | Entered Level 1 of the Lair of Beasts
  8183 | Lair:1   | Found a gate leading to a gauntlet.
  8276 | Gauntlet | Entered a Gauntlet
  8276 | Gauntlet | Found a transporter.
  8278 | Gauntlet | Noticed a tengu warrior
  8279 | Gauntlet | Found a transporter.
  8281 | Gauntlet | Found a transporter.
  8296 | Gauntlet | Found a transporter.
  8298 | Gauntlet | Found a transporter.
  8307 | Gauntlet | Noticed a blizzard demon
  8310 | Gauntlet | Found a transporter.
  8326 | Gauntlet | Found a transporter.
  8332 | Gauntlet | Found a transporter.
  8348 | Gauntlet | Noticed a death yak
  8348 | Gauntlet | Noticed a death yak
  8348 | Gauntlet | Noticed a death yak
  8349 | Gauntlet | Noticed a death yak
  8351 | Gauntlet | Found a transporter.
  8355 | Gauntlet | Found a transporter.
  8363 | Gauntlet | Found a runed translucent door.
  8364 | Gauntlet | Found a transporter.
  8365 | Gauntlet | Found a runed translucent door.
  8366 | Gauntlet | Found a transporter.
  8396 | Gauntlet | Noticed a catoblepas
  8398 | Gauntlet | Found a transporter.
  8402 | Gauntlet | Found a transporter.
  8551 | Lair:1   | Reached skill level 1 in Evocations
  8835 | Lair:2   | Reached skill level 13 in Fighting
  8837 | Lair:2   | Reached ****** piety under Qazlal
  8871 | Lair:2   | Reached XP level 13. HP: 72/111 MP: 16/16
  9048 | Lair:2   | Noticed Nergalle
  9064 | Lair:2   | Killed Nergalle
  9120 | Lair:2   | Identified the +7 war axe of Disharmony {flame, *Noise Fly
                  | rElec}
  9357 | Lair:2   | Found a staircase to the Snake Pit.
  9786 | Lair:3   | Found a staircase to the Swamp.
 10105 | Lair:4   | Reached skill level 14 in Fighting
 10242 | Lair:4   | Found a viscous altar of Jiyva.
 10243 | Lair:4   | Found a staircase to the Slime Pits.
 10668 | Lair:5   | Entered Level 5 of the Lair of Beasts
 10703 | Lair:5   | Reached skill level 5 in Evocations
 10744 | Lair:5   | Reached XP level 14. HP: 73/121 MP: 17/17
 10773 | Lair:5   | Acquired an adeledicnander ramjet {RevParry, rElec rPois
                  | rCorr}
 11070 | Lair:5   | Found a blossoming altar of Fedhas.
 11171 | Lair:5   | Noticed a dire elephant
 11354 | Lair:5   | Identified the +6 glaive "Laofiria" {flame, rPois rF- Will-
                  | SInv}
 11558 | Lair:5   | Killed a dire elephant
 11581 | Lair:5   | Identified the staff "Lekukoc" {rElec rF+ rC+ SInv Air}
 11582 | Lair:5   | Got an earthy gem with 454 turns to spare
 11667 | Lair:5   | Reached skill level 15 in Fighting
 11677 | Lair:5   | Identified the ring of Lettuv {rN+ Str+5}
 12509 | Lair:3   | Got Sif Muna's Guidebook on Litharge
 12942 | D:10     | Found a staircase to the Orcish Mines.
 12960 | Orc:1    | Entered Level 1 of the Orcish Mines
 13081 | Orc:2    | Entered Level 2 of the Orcish Mines
 13081 | Orc:2    | Noticed Urug
 13095 | Orc:2    | Killed Urug
 13100 | Orc:2    | Reached skill level 10 in Dodging
 13373 | Orc:1    | Found a runed translucent gate.
 13373 | Orc:1    | Found a runed translucent gate.
 13373 | Orc:1    | Found a runed translucent gate.
 13374 | Orc:1    | Noticed Yxorellae's ghost (adept MiFi)
 13444 | Orc:1    | Reached skill level 15 in Ranged Weapons
 13606 | Orc:1    | Found a roughly hewn altar of Beogh.
 13761 | Orc:2    | Reached XP level 15. HP: 129/129 MP: 18/18
 13868 | Orc:2    | Found a roughly hewn altar of Beogh.
 13883 | Orc:2    | Found Gehe's Distillery.
 13940 | Orc:2    | Found Fehamuaj's Book Emporium.
 14033 | Orc:2    | Found Sakuxzoo's Antique Armour Emporium.
 14039 | Orc:2    | Bought a pair of embroidered gloves for 232 gold pieces
 14069 | Orc:2    | Found Xano's Armour Shoppe.
 14098 | Orc:2    | Bought a runed cloak for 232 gold pieces
 14179 | Orc:2    | Found a staircase to the Elven Halls.
 14277 | Elf:1    | Entered Level 1 of the Elven Halls
 14371 | Elf:1    | Noticed an Ice Fiend
 14390 | Elf:1    | Noticed Agnes
 14402 | Elf:1    | Killed Agnes
 14424 | Elf:1    | Reached skill level 16 in Fighting
 14726 | Elf:1    | Got Lehudib's Guide on Bombardment
 14928 | Elf:2    | Reached XP level 16. HP: 102/139 MP: 19/19
 15036 | Elf:2    | Found a huge runed translucent gate.
 15036 | Elf:2    | Found a huge runed translucent gate.
 15036 | Elf:2    | Found a huge runed translucent gate.
 15036 | Elf:2    | Found a huge runed translucent gate.
 15036 | Elf:2    | Found a huge runed translucent gate.
 15129 | Elf:2    | Reached skill level 10 in Evocations
 15175 | Elf:2    | Found a huge runed translucent gate.
 15175 | Elf:2    | Found a huge runed translucent gate.
 15175 | Elf:2    | Found a huge runed translucent gate.
 15218 | Elf:2    | Found Hocleq's Antique Armour Shoppe.
 15259 | Elf:2    | Found a huge runed translucent gate.
 15260 | Elf:2    | Found a huge runed translucent gate.
 15260 | Elf:2    | Found a huge runed translucent gate.
 15260 | Elf:2    | Found a huge runed translucent gate.
 15260 | Elf:2    | Found a huge runed translucent gate.
 15260 | Elf:2    | Found a huge runed translucent gate.
 15261 | Elf:2    | Found a huge runed translucent gate.
 15263 | Elf:2    | Found a huge runed translucent gate.
 15264 | Elf:2    | Found a huge runed translucent gate.
 15265 | Elf:2    | Found a huge runed translucent gate.
 15266 | Elf:2    | Found a huge runed translucent gate.
 15267 | Elf:2    | Found a huge runed translucent gate.
 15267 | Elf:2    | Found a huge runed translucent gate.
 15269 | Elf:2    | Found a huge runed translucent gate.
 15371 | Elf:2    | Found a huge runed translucent gate.
 15372 | Elf:2    | Found a huge runed translucent gate.
 15378 | Elf:2    | Found a huge runed translucent gate.
 15378 | Elf:2    | Found a huge runed translucent gate.
 15378 | Elf:2    | Found a huge runed translucent gate.
 15378 | Elf:2    | Found a huge runed translucent gate.
 15379 | Elf:2    | Found a huge runed translucent gate.
 15379 | Elf:2    | Found a huge runed translucent gate.
 15386 | Elf:2    | Found a huge runed translucent gate.
 15386 | Elf:2    | Found a huge runed translucent gate.
 15388 | Elf:2    | Found a huge runed translucent gate.
 15389 | Elf:2    | Found a huge runed translucent gate.
 15390 | Elf:2    | Found a huge runed translucent gate.
 15391 | Elf:2    | Found a huge runed translucent gate.
 15392 | Elf:2    | Found a huge runed translucent gate.
 15393 | Elf:2    | Found a huge runed translucent gate.
 15393 | Elf:2    | Found a huge runed translucent gate.
 15397 | Elf:2    | Found a huge runed translucent gate.
 15398 | Elf:2    | Found a huge runed translucent gate.
 15641 | Elf:2    | Reached skill level 17 in Fighting
 15670 | Elf:2    | Killed from afar by a deep elf knight

Illustrated notes

Levels and vault maps discovered:
D:1:      enne_arrival_octagon_isle, layout_loops_corners, st_stairs_12,
          minmay_pentomino_t2
D:2:      layout_rooms, hellmonk_ecumenical_altar_crossroads,
          chequers_serial_rivers_small_b, uniq_robin
D:3:      layout_basic, mainiacjoe_overflow_catwalk, minivault_5,
          amcnicky_mini_pool_small, serial_bayou_lake_a
D:4:      layout_rooms, kennysheep_little_box, portal_sewer_entry_e,
          dk_noncrumbling_2, nicolae_figureground_pulse
D:5:      layout_basic, serial_shops, nicolae_shop_industrial_runoff,
          serial_bayou_pond_d, nicolae_kite_square_tiling_tiny
D:6:      wad_woods_stonehenge, layout_basic,
          nicolae_hepliaklqana_monster_ancestors, serial_demonic,
          serial_demonic_b, serial_demonic_c, serial_demonic_b,
          serial_demonic_g, serial_demonic_g, serial_demonic_d,
          serial_demonic_e, serial_demonic_d
D:7:      minmay_the_grid_triangle_9x9_rhombus_full
          [minmay_the_grid_triangle_9x9_tough_junction,
          minmay_the_grid_triangle_9x9_minimal,
          minmay_the_grid_triangle_9x9_corrupted_corridor,
          minmay_the_grid_triangle_9x9_alien,
          minmay_the_grid_triangle_9x9_semitri,
          minmay_the_grid_triangle_9x9_longest,
          minmay_the_grid_triangle_9x9_windchime,
          minmay_the_grid_triangle_9x9_prize_insulated], layout_loops_cross,
          minmay_temple_entry_butterflies, serial_shops, shop, shop, shop,
          serial_bayou_pond_a, kennysheep_another_room
D:8:      minmay_clustersquares, layout_basic, enter_bailey_4,
          eino_small_chamber_without_monster, minmay_liquid_box,
          serial_nicolae_subway, nicolae_sub_station_stone,
          nicolae_sub_station_metal, nicolae_sub_station_crystal
D:9:      layout_irregular_city, mainiacjoe_overflow_surrounded_room,
          serial_shops, nicolae_shop_industrial_runoff, uniq_pikel
D:10:     layout_cave_pools, erik_lair_orcish_takeover, erik_orc_2,
          uniq_gastronok
Temple:   regret_index_temple_chain_breaker
Lair:1:   layout_roguey, gauntlet_entry_generic
Lair:2:   layout_regular_city, nicolae_snake_entry_warm_welcome,
          dreamdust_gnoll_shepherd, uniq_nergalle
Lair:3:   layout_cave_pods, swamp_mist
Lair:4:   layout_gridlike, minmay_slime_entry_pillars, nzn_sisyphean_effort,
          grunt_megastairs_1
Lair:5:   due_jungle_book, layout_loops_ring, basic_altar, minmay_hedge_maze,
          grunt_megastairs_4
Orc:1:    layout_diamond_mine, gammafunk_ghost_necromancy, bh_open_orc_temple
Orc:2:    st_orc_town, layout_caves, uniq_urug
Elf:1:    nicolae_elf_arrival_no_cutting_in_line, layout_rooms,
          minmay_elf_annihilation, uniq_agnes
Elf:2:    elven_hall_of_blades_hangedman_alternative [nicolae_blade_lattice],
          layout_gridlike, serial_shops, shop_statue, not_door_vault_due

Skill      XL: |  1  2  3  4  5  6  7  8  9 10 11 12 13 14 15 16 |
---------------+-------------------------------------------------+-----
Ranged Weapons | 4 5 6 7 9 10 11 12 13 14 15 16 | 16.4
Fighting       | 3 4 5 8 10 11 13 14 15 16 17 | 17.0
Dodging        | 2 3 4 6 8 10 11 12 | 12.3
Armour         | 2 3 4 |  4.0
Invocations    | 3 4 |  4.0
Evocations     | 3 5 7 9 10 | 10.9
Stealth        | |  0.7

Action                     |  1- 3 |  4- 6 |  7- 9 | 10-12 | 13-15 | 16-18 || total
---------------------------+-------+-------+-------+-------+-------+-------++-------
  Melee: Sling             |       |       |     4 |       |       |       ||     4
   Fire: Sling             |   176 |   268 |   750 |  1542 |  2602 |   390 ||  5728
 Invoke: Elemental Force   |       |       |       |     1 |     8 |     2 ||    11
Ability: Invent Gizmo      |       |       |       |       |     1 |       ||     1
  Evoke: Wand              |       |       |       |     3 |    17 |     6 ||    26
         Phial of floods   |       |       |       |     1 |     3 |       ||     4
    Use: Scroll            |     4 |     3 |    12 |    13 |     8 |     5 ||    45
         Potion            |       |     1 |     1 |     7 |     4 |     1 ||    14
 Armour: Leather armour    |    22 |    23 |    70 |    86 |       |       ||   201
         Troll leather arm |       |       |       |    90 |   343 |    68 ||   501
         Skin              |       |       |       |    20 |       |       ||    20
  Dodge: Dodged            |    17 |    27 |    88 |   194 |   350 |    51 ||   727
         Repelled          |       |       |     2 |    16 |    27 |    10 ||    55
  Block: Other             |       |     1 |    27 |    94 |   167 |    29 ||   318

Table legend: (Time is in decaauts)
 A = Elapsed time spent in this place.
 B = Non-inter-level travel time spent in this place.
 C = Inter-level travel time spent in this place.
 D = Time resting spent in this place.
 E = Time spent auto-exploring this place.
 F = Levels seen in this place.
 G = Mean time per level.
                   A        B        C        D        E       F      G
               +--------+--------+--------+--------+--------+-----+--------+
         Total |  15409 |  14502 |    907 |    342 |   1783 |  23 |  670.0 |
       Dungeon |   7008 |   6496 |    512 |    140 |     32 |  10 |  700.8 |
        Temple |      1 |      1 |      0 |      0 |      0 |   1 |    1.0 |
          Lair |   4575 |   4317 |    258 |     23 |   1035 |   5 |  915.0 |
  Orcish Mines |   1236 |   1190 |     46 |      0 |    716 |   2 |  618.0 |
   Elven Halls |   1281 |   1190 |     91 |     17 |      0 |   2 |  640.5 |
         Sewer |    746 |    746 |      0 |     93 |      0 |   1 |  746.0 |
        Bailey |    363 |    363 |      0 |     69 |      0 |   1 |  363.0 |
      Gauntlet |    194 |    194 |      0 |      0 |      0 |   1 |  194.0 |
               +--------+--------+--------+--------+--------+-----+--------+

Top non-repeatable levels by time:
  Lair:5: 1425 daAuts
     D:7: 1303 daAuts
  Lair:2: 964 daAuts
  Lair:3: 850 daAuts
   Orc:2: 776 daAuts
   Elf:2: 771 daAuts
     D:8: 756 daAuts
   Sewer: 746 daAuts
     D:1: 741 daAuts
  Lair:4: 725 daAuts
     D:6: 721 daAuts
     D:5: 709 daAuts
     D:3: 641 daAuts
  Lair:1: 609 daAuts
     D:9: 591 daAuts
